 Dungeon Crawl Stone Soup version 0.31-a0-1-g4198be8af4 (webtiles) character file.

Game seed: 377315181286953924

632 lunkers the Arsonist (level 8, -2/57 HPs)
             Began as a Meteoran Fire Elementalist on May 1, 2023.
             Was an Initiate of Gozag.
             Slain by Edmund
             ... wielding a +1 flail of protection
              (6 damage)
             ... on level 5 of the Dungeon.
             The game lasted 00:09:10 (1840 turns).

lunkers the Arsonist (Meteoran Fire Elementalist)   Turns: 1840, Time: 00:09:11

Health: -2/57      AC:  4    Str: 10    XL:     8   Next: 6%
Magic:  0/18       EV: 12    Int: 18    God:    Gozag
Gold:   417        SH:  0    Dex: 15    Spells: 16/19 levels left

rFire   + . .        (no weapon)
rCold   + . .        (no shield)
rNeg    . . .        a - +0 robe
rPois   .            (no helmet)
rElec   .            k - scarf {rC+ rF+}
rCorr   .            (no gloves)
SInv    .            p - +1 pair of boots
Will    +....        r - amulet of the acrobat
Stlth   +            (no ring)
HPRegen 0.29/turn    (no ring)
MPRegen 0.16/turn

%: acrobat
@: gold aura, glowing
A: sense surroundings 1, otherworldly, glowing, explore regen
a: Renounce Religion, Potion Petition, Call Merchant, Bribe Branch


You were on level 5 of the Dungeon.
You worshipped Gozag.
Gozag was aware of your devotion.
You visited 1 branch of the dungeon, and saw 5 of its levels.

You collected 497 gold pieces.
You paid 80 gold pieces to Gozag.

Inventory:

Hand Weapons
 q - a +1 heavy flail
 w - the +2 sling "Meteoran's Peril" {flame, Fragile rPois rN+ Stlth+}
   (You found it on level 3 of the Dungeon)

   rPois:     It protects you from poison.
   rN:        It protects you from negative energy.
   Fragile:   It will be destroyed if unequipped.
   Stlth:     It makes you more stealthy.
Missiles
 y - 2 throwing nets
Armour
 a - a +0 robe (worn)
 d - a +0 cloak
 g - a scarf of repulsion
 k - a scarf of resistance (worn)
 p - a +1 pair of boots (worn)
Jewellery
 r - an amulet of the acrobat (around neck)
 x - a ring of protection from cold
Wands
 b - a wand of mindburst (10)
Scrolls
 i - 2 scrolls of vulnerability
 m - a scroll of teleportation
 n - a scroll of enchant armour
 v - 2 scrolls of blinking
 z - a scroll of silence {unknown}
 A - a scroll of identify
Potions
 c - 2 potions of cancellation {unknown}
 e - 3 potions of heal wounds
 f - 2 potions of lignification {unknown}
 h - 4 potions of curing
 j - a potion of flight {unknown}
 l - a potion of invisibility {unknown}
 o - a potion of haste {unknown}
 s - a potion of mutation {unknown}
 t - a potion of magic
 u - a potion of ambrosia {unknown}


   Skills:
 - Level 2.4 Dodging
 - Level 1.4 Stealth
 + Level 6.0 Spellcasting
 - Level 1.2 Conjurations
 * Level 8.6 Fire Magic


You had 16 spell levels left.
You knew the following spells:

 Your Spells              Type           Power      Damage    Failure   Level
a - Foxfire               Conj/Fire      92%        2x1d8     1%          1
b - Scorch                Fire           72%        2d8       1%          2

Your spell library contained the following spells:

 Spells                   Type           Power      Damage    Failure   Level
 Inner Flame              Hex/Fire       20%        N/A       6%          3
 Volatile Blastmotes      Fire/Tloc      40%        2d13      6%          3
 Flame Wave               Conj/Fire      23%        2d8       16%         4
 Sublimation of Blood     Necr           5%         N/A       19%         2
 Petrify                  Tmut/Erth      5%         N/A       75%         4
 Irradiate                Conj/Tmut      3%         3d12      95%         5


Dungeon Overview and Level Annotations

Branches:
Dungeon (5/15) Zot: 1157   Temple (0/1) D:4

Altars:
Gozag

Annotations:
D:3 1 runed translucent door, Crazy Yiuf
D:5 1 runed translucent door, BlasphemerAmon's ghost, amateur MiMo; Edmund


Innate Abilities, Weirdness & Mutations

You passively map a small area around you.
You are easily found by Zot.
You glow in the dark.
You regain HP and MP as you explore.


Message History

The now-empty wand crumbles to dust.
Unknown command.
Unknown command.
Casting: Scorch (safe; 1% risk of failure)
Confirm with . or Enter, or press ? or * to list all spells.
Flames lash the orc wizard.
You kill the orc wizard!
You feel sick. The scorpion stings you.
* * * LOW HITPOINT WARNING * * *
Unknown command.
Unknown command.
Casting: Scorch (safe; 1% risk of failure)
Confirm with . or Enter, or press ? or * to list all spells.
Flames lash the scorpion.
The scorpion is burned terribly!
You kill the scorpion!
You feel sick.
Your Spellcasting skill increases to level 6!
You have reached level 8!
Unknown command.
Unknown command.
Casting: Scorch (safe; 1% risk of failure)
Confirm with . or Enter, or press ? or * to list all spells.
Flames lash Edmund.
Edmund resists.
Edmund is lightly wounded.
Edmund's fire resistance burns away.
* * * LOW MAGIC WARNING * * *
You feel sick.
Edmund hits you with a +1 flail of protection.
* * * LOW HITPOINT WARNING * * *
Unknown command.
Casting: Scorch (safe; 1% risk of failure)
Confirm with . or Enter, or press ? or * to list all spells.
Flames lash Edmund.
Edmund is lightly wounded.
* * * LOW MAGIC WARNING * * *
You feel sick.
You are no longer poisoned.
Edmund hits you with a +1 flail of protection.
You die...
Your body crumbles into a pile of gold.

#....# #...<## #.....#
#### #.....# * ...#
#.....## ## # ...#
#......# .# #. ...#
#####..# .# #.##
...#####
#######.####.####..#####
........
.......@@$............(.
...####
##.........#.####..<...#
...#
######.##....###.##..##
.<.###
#.###...##..#....#
#....##### #.#
##..##.##.##..
####.....## #.#
*#.....).# #. #####..#
#># *##''##### . ##.#
#.###..?.....# #.##
#..##.@......#


You could see Edmund (combustible).

Vanquished Creatures
  A centaur (D:5)
  A phantom (D:4)
  A scorpion (D:5)
  A sleepcap (D:4)
  2 hounds
  3 orc priests (D:4)
  Ijyb (D:3)
  2 iguanas
  An orc wizard (D:5)
  5 gnolls
  3 adders
  3 dart slugs
  6 orcs
  8 endoplasms
  2 giant cockroaches
  2 goblins
  6 hobgoblins
  4 jackals (D:4)
  A quokka (D:3)
  4 ball pythons
  3 bats
  6 frilled lizards
  6 kobolds
  A rat (D:3)
73 creatures vanquished.

Vanquished Creatures (collateral kills)
  A foxfire (D:3)
1 creature vanquished.

Vanquished Creatures (others)
  175 foxfires
  A plant (D:3)
176 creatures vanquished.

Grand Total: 250 creatures vanquished

Notes
Turn   | Place    | Note
-------+----------+-------------------------------------------
     0 | D:1      | lunkers the Meteoran Fire Elementalist began the quest for
                  | the Orb.
     0 | D:1      | Reached XP level 1. HP: 14/14 MP: 5/5
   128 | D:1      | Reached XP level 2. HP: 20/20 MP: 2/6
   131 | D:1      | Learned a level 2 spell: Scorch
   143 | D:1      | Reached skill level 4 in Fire Magic
   242 | D:1      | Reached XP level 3. HP: 26/26 MP: 3/8
   279 | D:1      | You fall into a shaft and drop 1 floor!
   446 | D:3      | Noticed Ijyb
   454 | D:3      | Killed Ijyb
   455 | D:3      | Reached skill level 5 in Fire Magic
   455 | D:3      | Reached XP level 4. HP: 13/33 MP: 7/10
   558 | D:3      | Reached XP level 5. HP: 35/38 MP: 5/11
   601 | D:3      | Found an opulent altar of Gozag.
   817 | D:3      | Became a worshipper of Gozag Ym Sagoz the Greedy
   994 | D:3      | Identified the +2 sling "Meteoran's Peril" {flame, Fragile
                  | rPois rN+ Stlth+}
  1009 | D:3      | Found a runed translucent door.
  1010 | D:3      | Noticed Crazy Yiuf
  1193 | D:3      | Reached skill level 6 in Fire Magic
  1242 | D:4      | Noticed a phantom
  1259 | D:4      | Killed a phantom
  1260 | D:4      | Reached XP level 6. HP: 40/45 MP: 1/14
  1302 | D:4      | Reached skill level 7 in Fire Magic
  1304 | D:4      | Reached skill level 5 in Spellcasting
  1334 | D:4      | Found a staircase to the Ecumenical Temple.
  1370 | D:4      | Reached XP level 7. HP: 44/50 MP: 7/15
  1646 | D:5      | Entered Level 5 of the Dungeon
  1686 | D:5      | Reached skill level 8 in Fire Magic
  1732 | D:5      | Found a runed translucent door.
  1733 | D:5      | Noticed a hornet
  1733 | D:5      | Noticed BlasphemerAmon's ghost (amateur MiMo)
  1821 | D:5      | Noticed Edmund
  1839 | D:5      | Reached XP level 8. HP: 10/57 MP: 4/18
  1840 | D:5      | Slain by Edmund

Illustrated notes

Levels and vault maps discovered:
D:1:      scummos_arrival_simple_crosswalls, layout_loops_ring,
          minmay_heptomino_w4
D:2:      layout_rooms, hellmonk_ecumenical_altar_blasted
D:3:      minmay_wonky_spiral, layout_basic, lemuel_coloured_pillars_altar,
          serial_bayou_pond_e, uniq_crazy_yiuf_cottage, uniq_ijyb
D:4:      layout_basic, minmay_temple_entry_proselytizer
D:5:      layout_rooms, ebering_ghost_inner_flame, kennysheep_generic_room_6,
          uniq_edmund

Skill      XL: |  1  2  3  4  5  6  7 |
---------------+----------------------+-----
Spellcasting   | 3 4 5 6 |  6.0
Fire Magic     | 4 5 6 7 8 |  8.6
Dodging        | |  2.4
Stealth        | |  1.4
Conjurations   | |  1.2

Action                     |  1- 3 |  4- 6 |  7- 9 || total
---------------------------+-------+-------+-------++-------
  Melee: Unarmed           |     7 |    11 |     1 ||    19
   Cast: Foxfire           |    30 |    52 |    20 ||   102
         Scorch            |    11 |    21 |    20 ||    52
    Use: Potion            |     1 |       |       ||     1
         Scroll            |       |    12 |       ||    12
 Armour: Robe              |     7 |     3 |     5 ||    15
  Dodge: Dodged            |    11 |    23 |    17 ||    51
         Repelled          |     1 |       |       ||     1

Table legend: (Time is in decaauts)
 A = Elapsed time spent in this place.
 B = Non-inter-level travel time spent in this place.
 C = Inter-level travel time spent in this place.
 D = Time resting spent in this place.
 E = Time spent auto-exploring this place.
 F = Levels seen in this place.
 G = Mean time per level.
                   A        B        C        D        E       F      G
               +--------+--------+--------+--------+--------+-----+--------+
         Total |   1841 |   1752 |     89 |      0 |   1081 |   5 |  368.2 |
       Dungeon |   1841 |   1752 |     89 |      0 |   1081 |   5 |  368.2 |
               +--------+--------+--------+--------+--------+-----+--------+

Top non-repeatable levels by time:
     D:3: 822 daAuts
     D:4: 436 daAuts
     D:1: 279 daAuts
     D:5: 193 daAuts
     D:2: 109 daAuts
